 Dungeon Crawl Stone Soup version 0.30-a0-50-gb2d611f6b1 (webtiles) character file.

Game seed: 6067579249587101675

10584 timneilson the Blocker (level 11, 0/67 HPs)
             Began as a Gargoyle Fighter on Sept 3, 2022.
             Was an Elder of Okawaru.
             Slain by a minotaur
             ... wielding the +1 glaive of Lutib {freeze, *Noise rC++ SInv}
              (25 damage)
             ... in a Gauntlet on Sept 4, 2022.
             The game lasted 00:37:43 (16589 turns).

timneilson the Blocker (Gargoyle Fighter)          Turns: 16589, Time: 00:37:44

Health: 0/67       AC: 26    Str: 34    XL:     11   Next: 64%
Magic:  10/15      EV: 16    Int: 12    God:    Okawaru [****..]
Gold:   117        SH:  8    Dex:  9    Spells: 10/10 levels left

rFire   . . .      SeeInvis .    v - +1 scimitar (venom)
rCold   + . .      Faith    .    c - +1 buckler
rNeg    + . .      Spirit   .    k - +0 chain mail
rPois   ∞          Reflect  .    d - +0 helmet
rElec   +          Harm     .    (no cloak)
rCorr   .          Rampage  .    g - +2 pair of gloves "Lotol" {Str+4 Int+2}
Will    .....      NoTele   +    (no boots)
Stlth   ..........               I - amulet of regeneration
HPRegen 1.01/turn                F - ring of protection from cold
MPRegen 0.14/turn                K - ring "Aggir" {EV+4 Str+7}

@: heroic, finesse-ful
A: sickness immunity, AC +8, negative energy resistance 1, electricity
resistance, torment resistance 1, petrification resistance
a: Renounce Religion, Heroism, Finesse


You were in a Gauntlet.
You worshipped Okawaru.
Okawaru was greatly pleased with you.
You visited 1 branch of the dungeon, and saw 11 of its levels.
You also visited: Gauntlet.

You collected 1866 gold pieces.
You spent 1749 gold pieces at shops.

Inventory:

Hand Weapons
 a - a +1 long sword
 v - a +1 scimitar of venom (weapon)
Missiles
 t - a throwing net (quivered)
Armour
 c - a +1 buckler (worn)
 d - a +0 helmet (worn)
 g - the +2 pair of gloves "Lotol" (worn) {Str+4 Int+2}
   (You bought it in a shop on level 9 of the Dungeon)

   Str:       It affects your strength (+4).
   Int:       It affects your intelligence (+2).
 k - a +0 chain mail (worn)
Jewellery
 l - a ring of fire
 p - a ring of positive energy
 y - a ring of resist corrosion
 F - a ring of protection from cold (left hand)
 I - an amulet of regeneration (around neck)
 K - the ring "Aggir" (right hand) {EV+4 Str+7}
   (You found it in a Gauntlet)

   [ring of evasion]

   EV:        It affects your evasion (+4).
   Str:       It affects your strength (+7).
Wands
 b - a wand of roots (3)
 z - a wand of paralysis (4)
 C - a wand of quicksilver (4)
 E - a wand of mindburst (8)
 J - a wand of digging (1)
Scrolls
 j - 4 scrolls of poison
 m - a scroll of summoning {unknown}
 s - 5 scrolls of teleportation
 u - 2 scrolls of enchant weapon
 w - 4 scrolls of amnesia
 G - a scroll of magic mapping
 H - 2 scrolls of fear
Potions
 e - 5 potions of brilliance
 f - a potion of degeneration {unknown}
 h - 3 potions of attraction
 i - a potion of berserk rage {unknown}
 n - 2 potions of haste
 o - a potion of magic {unknown}
 q - 2 potions of mutation
 r - a potion of flight {unknown}
 x - a potion of experience {unknown}
 A - 4 potions of cancellation {unknown}
 B - a potion of invisibility {unknown}
 D - a potion of ambrosia {unknown}


   Skills:
 + Level 7.1(12.1) Fighting
 * Level 7.8(12.8) Long Blades
 * Level 9.7(14.7) Armour
 + Level 4.6(9.6) Dodging
 * Level 9.7(14.7) Shields
 + Level 5.6 Invocations
 + Level 4.6 Evocations


You had 10 spell levels left.
You didn't know any spells.
Your spell library contained the following spells:

 Spells                   Type           Power      Damage    Failure   Level
 Magic Dart               Conj           0%         1d3       73%         1
 Static Discharge         Conj/Air       0%         3-3/arc   86%         2
 Gell's Gravitas          Tloc           0%         N/A       97%         3
 Ignite Poison            Fire/Tmut/Pois 0%         N/A       97%         3
 Lesser Beckoning         Tloc           0%         N/A       97%         3
 Mephitic Cloud           Conj/Pois/Air  0%         N/A       97%         3
 Teleport Other           Tloc           0%         N/A       97%         3
 Dispel Undead            Necr           0%         3d6       100%        4
 Sticky Flame             Conj/Fire      0%         2d3       100%        4
 Freezing Cloud           Conj/Ice/Air   0%         6-21      100%        5
 Lightning Bolt           Conj/Air       0%         1d11      100%        5
 Maxwell's Capacitive Co  Air            0%         ∞         100%        8
 Call Imp                 Summ           Unusable   N/A       N/A         2

Dungeon Overview and Level Annotations

Branches:
Dungeon (11/15)            Temple (0/1) D:5            Lair (0/5) D:10
    Orc (0/2) D:10        Gauntlet (1/1)

Altars:
Gozag
Nemelex Xobeh
Okawaru
Ru
Trog
Uskayaw
Wu Jian
Xom
Zin

Shops:
D:9 [=[:[

Annotations:
D:3 2 runed translucent doors
D:6 1 runed translucent door, SirDiesAlot's ghost, novice MiGl Gauntlet 12 transporters, exclusion: orange crystal statue


Innate Abilities, Weirdness & Mutations

You are immune to sickness and miasma.
Your stone body is resilient. (AC +8)
You are immune to poison.
You resist negative energy. (rN+)
You are resistant to electric shocks. (rElec)
You are resistant to unholy torment.
You are immune to petrification.


Message History

The minotaur is heavily wounded.
The minotaur hits you but does no damage.
The minotaur misses you.
You barely miss the minotaur.
The minotaur furiously retaliates!
The minotaur headbutts you, but does no damage.
The minotaur is moderately wounded.
You hit the minotaur but do no damage.
The minotaur looks as sick as possible!
The minotaur is heavily wounded.
You barely miss the minotaur.
The minotaur is heavily wounded.
The minotaur hits you but does no damage.
The minotaur misses you.
You hit the minotaur but do no damage.
The minotaur looks as sick as possible!
The minotaur is heavily wounded.
You hit the minotaur but do no damage.
The minotaur looks as sick as possible!
The minotaur is heavily wounded.
The minotaur misses you.
The minotaur gores you but does no damage.
You slash the minotaur!
The minotaur looks as sick as possible!
The minotaur is heavily wounded.
You slash the minotaur!
The minotaur looks as sick as possible!
The minotaur is severely wounded.
You closely miss the minotaur.
The minotaur furiously retaliates!
The minotaur headbutts you, but does no damage.
The minotaur is severely wounded.
You block the minotaur's attack. x2
You closely miss the minotaur.
The minotaur is severely wounded.
You hit the minotaur but do no damage.
The minotaur is severely wounded.
The minotaur hits you but does no damage.
The minotaur gores you but does no damage.
You barely miss the minotaur.
The minotaur is severely wounded.
You hit the minotaur but do no damage.
The minotaur is severely wounded.
You slash the minotaur!
The minotaur is almost dead.
The minotaur hits you with the +1 glaive of Lutib {freeze, *Noise rC++ SInv}!!
You die...

######.###########.###########.##
.................................
.................≈∩≈.............
#################################
# #8# #8##≈...............≈##8# #
# ### ####8..©.©.©.©.©.©..8#### #
#§...............≈#
###.#.#######.#.### #.#..@.#
..#.# #.#.##H# #.#.# .... ...
#.#.. #'## #.#..# .8 # ...# ..#
#8.# 8# ## =#


You could see a minotaur (extremely poisoned).

Vanquished Creatures
  A hydra (D:10)
  A catoblepas (Gauntlet)
  A fire crab (Gauntlet)
  2 gargoyles (Gauntlet)
  3 kobold demonologists (D:10)
  A troll (D:9)
  Grinder (D:6)
  2 wyverns
  4 fire bats (Gauntlet)
  A steam dragon (D:9)
  2 wraiths
  An acid dragon (D:10)
  2 swamp worms (Gauntlet)
  5 water moccasins
  2 hell hounds (Gauntlet)
  A hornet zombie (D:7)
  An ice beast (D:7)
  2 sky beasts
  Pargi (D:3)
  A black bear (D:10)
  2 ogres (D:6)
  7 centaurs
  3 kobold brigands
  8 bullfrogs
  Blork the orc (D:4)
  2 necrophages (D:7)
  A wyvern zombie (D:7)
  4 scorpions
  15 wights
  6 killer bees (D:9)
  2 howler monkeys
  5 electric eels
  A hound (D:6)
  A jelly (D:5)
  3 gnoll boudas
  3 orc priests
  4 iguanas
  9 orc wizards
  A spectral killer bee (D:7)
  Robin (D:3)
  17 gnolls
  3 adders
  A howler monkey simulacrum (D:7)
  A white imp (D:7)
  An ufetubus (D:6)
  A worm (D:4)
  2 dart slugs
  32 orcs
  5 endoplasms
  4 giant cockroaches
  17 goblins
  4 hobgoblins
  3 quokkas
  2 ball pythons
  6 bats
  3 frilled lizards
  22 kobolds
  6 rats
244 creatures vanquished.

Vanquished Creatures (others)
  4 kobolds (D:10)
  28 fungi (D:10)
  34 plants
  27 withered plants
93 creatures vanquished.

Grand Total: 337 creatures vanquished

Notes
Turn   | Place    | Note
-------+----------+-------------------------------------------
     0 | D:1      | timneilson the Gargoyle Fighter began the quest for the
                  | Orb.
     0 | D:1      | Reached XP level 1. HP: 14/14 MP: 1/1
   212 | D:1      | Reached XP level 2. HP: 19/19 MP: 2/2
   453 | D:1      | Found a faded altar of an unknown god.
  1148 | D:2      | Reached XP level 3. HP: 18/23 MP: 3/3
  2443 | D:3      | Found a large runed translucent door.
  2444 | D:3      | Found a large runed translucent door.
  2870 | D:4      | Noticed a scorpion
  2886 | D:3      | Killed a scorpion
  2887 | D:3      | Reached XP level 4. HP: 20/29 MP: 4/4
  3043 | D:3      | Reached XP level 5. HP: 31/33 MP: 5/5
  3044 | D:3      | Reached skill level 1 in Dodging
  3113 | D:4      | Found Vuos's Magic Scroll Shoppe.
  3120 | D:4      | Noticed Robin
  3120 | D:4      | Noticed Blork the orc
  3483 | D:3      | Killed Robin
  3722 | D:4      | Killed Blork the orc
  3965 | D:3      | Reached XP level 6. HP: 24/38 MP: 4/6
  4201 | D:4      | Noticed Pargi
  4317 | D:3      | Killed Pargi
  4573 | D:4      | Found an iron altar of Okawaru.
  4581 | D:4      | Became a worshipper of Warmaster Okawaru
  4617 | D:4      | Reached skill level 5 in Armour
  4661 | D:4      | Reached skill level 5 in Shields
  4664 | D:4      | Found a bloodstained altar of Trog.
  4854 | D:4      | Reached XP level 7. HP: 15/43 MP: 3/7
  5102 | D:5      | Entered Level 5 of the Dungeon
  5759 | D:5      | Reached skill level 1 in Invocations
  6038 | D:4      | Reached skill level 1 in Evocations
  6433 | D:5      | Found a staircase to the Ecumenical Temple.
  6603 | D:6      | Found a runed translucent door.
  6603 | D:6      | Found a shimmering altar of Xom.
  6603 | D:6      | Noticed SirDiesAlot's ghost (novice MiGl)
  6603 | D:6      | Noticed a +2 falchion of chaos
  6708 | D:6      | Noticed Grinder
  6737 | D:6      | Paralysed by Grinder for 3 turns
  6745 | D:6      | Killed Grinder
  6745 | D:6      | Reached * piety under Okawaru
  6746 | D:6      | Reached XP level 8. HP: 20/48 MP: 5/9
  7728 | D:6      | Reached ** piety under Okawaru
  7729 | D:6      | Reached skill level 5 in Fighting
  8770 | D:7      | Reached skill level 5 in Long Blades
  8770 | D:7      | Reached XP level 9. HP: 41/54 MP: 7/11
  9954 | D:7      | Found the +4 dagger "Morg" {pain, Will+ Int+5}
 10489 | D:7      | Found a sacrificial altar of Ru.
 10858 | D:8      | Reached *** piety under Okawaru
 10914 | D:8      | Found an ornate altar of the Wu Jian Council.
 11067 | D:8      | Found a sparkling altar of Nemelex Xobeh.
 11370 | D:8      | Reached XP level 10. HP: 42/60 MP: 8/12
 11774 | D:8      | Noticed a +0 falchion
 11780 | D:8      | Found a hide-covered altar of Uskayaw.
 11780 | D:8      | Noticed a +0 short sword
 11780 | D:8      | Noticed a +0 falchion
 11781 | D:8      | Noticed a +0 spear
 11781 | D:8      | Noticed a +0 dagger
 11782 | D:8      | Noticed a +0 short sword
 11783 | D:8      | Noticed a +0 dagger
 11783 | D:8      | Noticed a +0 spear
 12327 | D:9      | Found Viunkie's Armour Emporium.
 12479 | D:9      | Found Yngizism's Book Shop.
 12594 | D:9      | Found Huwar's Armour Shop.
 12617 | D:9      | Reached **** piety under Okawaru
 13005 | D:9      | Found Waxkaypn's Armour Emporium.
 13256 | D:9      | Found Wozailur's Jewellery Emporium.
 13395 | D:10     | Entered Level 10 of the Dungeon
 13402 | D:10     | Noticed a four-headed hydra
 13666 | D:10     | Found a staircase to the Lair.
 13683 | D:10     | Killed a four-headed hydra
 13683 | D:10     | Received a gift from Okawaru
 13854 | D:10     | Found a glowing silver altar of Zin.
 13968 | D:10     | Found a staircase to the Orcish Mines.
 14148 | D:4      | Bought a scroll of acquirement for 624 gold pieces
 14148 | D:4      | Acquired 1168 gold pieces
 14150 | D:4      | Bought a scroll of identify for 24 gold pieces
 14150 | D:4      | Bought a scroll of teleportation for 36 gold pieces
 14150 | D:4      | Bought a scroll of identify for 24 gold pieces
 14150 | D:4      | Bought a scroll of magic mapping for 90 gold pieces
 14150 | D:4      | Bought a scroll of fear for 48 gold pieces
 14150 | D:4      | Bought a scroll of fear for 48 gold pieces
 14296 | D:9      | Bought an amulet of regeneration for 480 gold pieces
 14321 | D:9      | Bought the +2 pair of gloves "Lotol" {Str+4 Int+2} for 375
                  | gold pieces
 14408 | D:10     | Reached XP level 11. HP: 51/66 MP: 14/14
 14528 | D:10     | Noticed a soul eater
 14532 | D:10     | Noticed a sun demon
 14538 | D:10     | Reached skill level 5 in Invocations
 14548 | D:10     | Reached ***** piety under Okawaru
 14730 | D:10     | Found an opulent altar of Gozag.
 15283 | D:11     | Found a gate leading to a gauntlet.
 15288 | Gauntlet | Entered a Gauntlet
 15288 | Gauntlet | Found a transporter.
 15296 | Gauntlet | Noticed a catoblepas
 15297 | Gauntlet | Found a transporter.
 15312 | Gauntlet | Found a transporter.
 15317 | Gauntlet | Found a transporter.
 15331 | Gauntlet | Noticed a ghost crab
 15336 | Gauntlet | Found a transporter.
 15351 | Gauntlet | Found a transporter.
 15351 | Gauntlet | Noticed an orange crystal statue
 15359 | Gauntlet | Noticed a green ugly thing
 15360 | Gauntlet | Noticed a brown ugly thing
 15363 | Gauntlet | Found a transporter.
 15366 | Gauntlet | Noticed a great orb of eyes
 15375 | Gauntlet | Found a transporter.
 15376 | Gauntlet | Noticed a reaper
 15381 | Gauntlet | Found a transporter.
 15395 | Gauntlet | Noticed a fire crab
 15396 | Gauntlet | Found a transporter.
 15404 | Gauntlet | Noticed a hell beast
 15408 | Gauntlet | Found a transporter.
 15425 | Gauntlet | Found a transporter.
 15425 | Gauntlet | Found a transporter.
 15447 | Gauntlet | Found a transporter.
 15447 | Gauntlet | Found a transporter.
 15483 | Gauntlet | Found a transporter.
 15560 | Gauntlet | Found a transporter.
 15585 | Gauntlet | Found a transporter.
 16091 | Gauntlet | Identified the +1 glaive of Lutib {freeze, *Noise rC++
                  | SInv}
 16091 | Gauntlet | Identified the +1 chain mail of Good Intentions {rC+ Str+3}
 16091 | Gauntlet | Noticed a minotaur
 16345 | Gauntlet | Killed a catoblepas
 16373 | Gauntlet | Identified the +7 arbalest of Dividends {elec, Int+3 SInv}
 16463 | Gauntlet | Killed a fire crab
 16504 | Gauntlet | Identified the ring "Aggir" {EV+4 Str+7}
 16589 | Gauntlet | Slain by a minotaur

Illustrated notes

Levels and vault maps discovered:
D:1:      dpeg_arrival_fog, layout_loops_ring, serial_forest,
          infiniplex_forest_end_2, infiniplex_forest_lined_4_way,
          infiniplex_forest_end_double, infiniplex_forest_straight_3,
          infiniplex_forest_3_way, infiniplex_forest_clump_long,
          infiniplex_forest_zigzag_1, hellmonk_ecumenical_altar_arch_garden
D:2:      layout_basic
D:3:      layout_basic, jmf_multi_god_temple2, minivault_19
D:4:      layout_cave_pools, lemuel_tele_altar, okawaru_altar_gauntlet_db,
          serial_shops, kennysheep_little_box, uniq_blork_the_orc, uniq_pargi,
          uniq_robin
D:5:      layout_rooms, temple_hall
D:6:      layout_basic, ebering_ghost_xom, uniq_grinder
D:7:      layout_basic, hangedman_ru_absence,
          hangedman_abyss_or_decor_jellyfish_corner, dilly_guarded_unrand_morg
D:8:      layout_basic, nicolae_uskayaw_en_pointe,
          nemelex_xobeh_ov_fountains_minmay, mainiacjoe_overflow_24_doors,
          minmay_tree_intersection
D:9:      layout_irregular_city, serial_shops, nicolae_stop_n_shop_1,
          nicolae_shop_window_shopping, shop, nicolae_shop_stone, shop_statue
D:10:     layout_basic, pdpol_temple_overflow_zin_treasury_gozag_greed,
          due_lair_maze_entry_diamond
D:11:     nicolae_hexawheel, layout_rooms, serial_shops, kennysheep_mini,
          gauntlet_entry_generic, minivault_7
Gauntlet: gammafunk_gauntlet_one_two_three [nicolae_gauntlet_arena_quarters,
          gammafunk_gauntlet_arena_spirals, gammafunk_gauntlet_arena_open,
          gammafunk_gauntlet_arena_arrow_garden, nicolae_gauntlet_arena_x,
          nicolae_gauntlet_swirl, gammafunk_gauntlet_arena_split_x,
          gammafunk_gauntlet_arena_grid, gammafunk_gauntlet_arena_teeth,
          nicolae_gauntlet_exit_dead_adventurers]

Skill      XL: |  1  2  3  4  5  6  7  8  9 10 11 |
---------------+----------------------------------+-----
Long Blades    | 2 3 4 5 6 7 |  7.8
Armour         | 4 5 6 7 9 |  9.7
Shields        | 4 5 6 7 9 |  9.7
Dodging        | 1 2 3 4 |  4.6
Fighting       | 4 5 6 7 |  7.1
Invocations    | 1 2 3 4 5 |  5.6
Evocations     | 1 2 3 4 |  4.6

Action                   |  1- 3 |  4- 6 |  7- 9 | 10-12 || total
-------------------------+-------+-------+-------+-------++-------
Melee: Long sword        |   144 |   210 |   281 |       ||   635
       Scimitar          |       |       |   363 |   427 ||   790
Invok: Heroism           |       |       |     4 |     8 ||    12
       Finesse           |       |       |       |     3 ||     3
Evoke: Wand              |       |       |     2 |     7 ||     9
  Use: Scroll            |     6 |       |    10 |     5 ||    21
       Potion            |       |     4 |       |     7 ||    11
Armor: Scale mail        |    19 |       |       |       ||    19
       Chain mail        |    68 |   136 |   407 |   278 ||   889
       Skin              |       |   108 |       |       ||   108
Dodge: Dodged            |    50 |    81 |   215 |   228 ||   574
Block: Buckler           |    38 |    68 |   167 |   189 ||   462

Table legend: (Time is in decaauts)
 A = Elapsed time spent in this place.
 B = Non-inter-level travel time spent in this place.
 C = Inter-level travel time spent in this place.
 D = Time resting spent in this place.
 E = Time spent auto-exploring this place.
 F = Levels seen in this place.
 G = Mean time per level.
                   A        B        C        D        E       F      G
               +--------+--------+--------+--------+--------+-----+--------+
         Total |  16814 |  16107 |    707 |   1903 |   9999 |  12 | 1401.2 |
       Dungeon |  15587 |  14880 |    707 |   1861 |   9690 |  11 | 1417.0 |
      Gauntlet |   1227 |   1227 |      0 |     42 |    309 |   1 | 1227.0 |
               +--------+--------+--------+--------+--------+-----+--------+

Top non-repeatable levels by time:
     D:6: 2384 daAuts
     D:3: 2318 daAuts
     D:7: 2140 daAuts
     D:8: 1535 daAuts
    D:10: 1533 daAuts
     D:4: 1455 daAuts
     D:9: 1265 daAuts
Gauntlet: 1227 daAuts
     D:5: 1040 daAuts
     D:2: 968 daAuts
     D:1: 938 daAuts
    D:11: 4 daAuts
